AoeStats
← EvenEdge

Fortress

510231479Analyzed
4v4 RM · 2d ago on Sep 30, 2026· 44m 49s· 8 players
Game mode
Random Map
Map size
Huge
Population
200
Speed
Normal
Resources
Standard
Victory
Conquest
Starting age
Dark Age
Ending age
Imperial Age
RankedLock teamsTeams togetherTeam positionsShared explorationLock speedFull tech treeHidden civsTurbo modeCheats
Victory
Defeat
🇲🇽 Malians · Mexico
1094
+10
🇺🇸 Khmer · United States
1048
+12
🇺🇸 Franks · United States
1014
+13
🇺🇸 Mongols · United States
1003
+13
🇨🇳 Teutons · China
1020
-14
🇧🇷 Romans · Brazil
967
-13
🇦🇷 Koreans · Argentina
937
-11
🇲🇽 Cumans · Mexico
883
-10
Wahlburgers5203
7:09 Feudal Age
8:38 Double-Bit Axe
11:38 Castle Age
11:29 Horse Collar
13:59 Bow Saw
13:52 Heavy Plow
18:09 Fletching
20:31 Wheelbarrow
20:45 Loom
21:32 Hand Cart
24:05 Bodkin Arrow
28:47 Imperial Age
26:13 Gold Mining
26:14 Stone Mining
26:27 Padded Archer Armor
27:24 Ballistics
29:37 Leather Archer Armor
29:02 Elite Mangudai
29:49 Bracer
30:57 Chemistry
30:48 Caravan
31:36 Scale Barding Armor
31:42 Forging
33:01 Bloodlines
32:51 Husbandry
32:58 Thumb Ring
33:19 Parthian Tactics
33:15 Light Cavalry
35:30 Chain Barding Armor
36:09 Hussar
41:44 Iron Casting
aegilello
9:24 Feudal Age
13:46 Castle Age
12:30 Scale Barding Armor
13:46 Wheelbarrow
12:57 Loom
14:59 Forging
24:40 Iron Casting
24:32 Chain Barding Armor
24:24 Gold Mining
24:26 Stone Mining
28:25 Double-Bit Axe
37:00 Imperial Age
34:53 Hand Cart
34:24 Town Watch
35:57 Husbandry
38:24 Bow Saw
37:48 Cavalier
39:31 Capped Ram
EvenEdge
7:58 Feudal Age
10:57 Castle Age
9:25 Double-Bit Axe
10:01 Horse Collar
11:38 Heavy Plow
17:57 Wheelbarrow
18:24 Bow Saw
23:25 Imperial Age
22:30 Forging
22:25 Scale Barding Armor
22:58 Hand Cart
23:48 Iron Casting
24:38 Tusk Swords
25:00 Conscription
25:04 Chain Barding Armor
26:08 Crop Rotation
25:59 Husbandry
29:12 Bloodlines
30:42 Blast Furnace
29:41 Gold Mining
31:38 Plate Barding Armor
30:51 Capped Ram
32:53 Siege Ram
35:08 Elite Battle Elephant
39:27 Gold Shaft Mining
38:25 Light Cavalry
39:51 Hussar
KINGUARDIANS
7:53 Feudal Age
12:02 Castle Age
10:03 Double-Bit Axe
10:21 Horse Collar
11:16 Gold Mining
11:50 Forging
13:32 Scale Mail Armor
15:13 Town Watch
15:14 Loom
17:09 Wheelbarrow
18:54 Squires
23:15 Iron Casting
23:12 Bow Saw
23:15 Heavy Plow
24:12 Hand Cart
27:33 Chain Mail Armor
27:26 Town Patrol
27:43 Scale Barding Armor
31:11 Imperial Age
29:15 Bloodlines
29:08 Husbandry
29:29 Fletching
30:16 Bodkin Arrow
32:00 Chain Barding Armor
31:09 Light Cavalry
33:23 Crop Rotation
33:37 Conscription
33:48 Padded Archer Armor
35:14 Plate Barding Armor
35:07 Cavalier
38:09 Plate Mail Armor
39:06 Ballistics
39:47 Chemistry
38:58 Masonry
38:28 Treadmill Crane
39:54 Murder Holes
40:09 Fortified Wall
41:27 Leather Archer Armor
42:22 Architecture
41:44 Heated Shot
42:01 Elite Gbeto
43:38 Guard Tower
45:54 Gold Shaft Mining
45:09 Stone Mining
retroesam
8:36 Feudal Age
6:52 Loom
9:49 Man-at-Arms
10:26 Loom
10:30 Double-Bit Axe
10:27 Horse Collar
20:14 Castle Age
21:51 Heavy Plow
23:50 Bow Saw
24:37 Town Watch
32:24 Bloodlines
35:12 Imperial Age
34:01 Fletching
34:11 Padded Archer Armor
NannoD
8:47 Feudal Age
7:59 Loom
12:13 Castle Age
10:19 Loom
10:49 Double-Bit Axe
14:25 Bow Saw
13:58 Horse Collar
17:17 Heavy Plow
19:58 Wheelbarrow
22:56 Gold Mining
24:57 Hand Cart
25:25 Gold Shaft Mining
24:40 Stone Mining
28:57 Ballistics
32:54 Imperial Age
32:05 Scale Barding Armor
32:10 Forging
33:15 Chain Barding Armor
33:00 Scale Mail Armor
33:02 Heavy Scorpion
35:05 Squires
34:25 Pikeman
34:26 Man-at-Arms
35:03 Elite Centurion
35:50 Ballistas
37:28 Chemistry
36:03 Halberdier
38:24 Husbandry
38:35 Bloodlines
37:46 Light Cavalry
37:47 Cavalier
38:05 Long Swordsman
39:00 Legionary
41:00 Comitatenses
43:18 Plate Barding Armor
43:22 Iron Casting
43:02 Chain Mail Armor
shuai81_1027
1:17 Loom
7:55 Feudal Age
13:54 Castle Age
13:42 Man-at-Arms
14:17 Double-Bit Axe
14:22 Horse Collar
15:53 Gambesons
16:56 Squires
20:01 Bloodlines
20:56 Pikeman
21:31 Long Swordsman
23:05 Heavy Plow
23:41 Bow Saw
24:33 Elite Skirmisher
27:20 Wheelbarrow
30:52 Imperial Age
28:51 Padded Archer Armor
28:42 Fletching
30:29 Forging
30:20 Scale Mail Armor
30:35 Leather Archer Armor
30:16 Bodkin Arrow
30:43 Gold Mining
32:15 Chain Mail Armor
32:36 Iron Casting
32:23 Conscription
32:11 Two-Handed Swordsman
36:46 Chemistry
36:06 Ballistics
35:18 Champion
35:58 Halberdier
38:23 Ring Archer Armor
42:55 Elite Teutonic Knight
tomaslarias
7:56 Feudal Age
7:53 Loom
9:03 Double-Bit Axe
14:47 Castle Age
14:29 Horse Collar
15:38 Stone Mining
16:38 Bow Saw
16:59 Town Watch
22:46 Wheelbarrow
32:43 Imperial Age
30:19 Elite Skirmisher
32:09 Fletching
32:58 Bodkin Arrow
34:38 Chemistry
34:03 Ballistics
41:10 Bracer
41:47 Elite War Wagon
Connection lost

Rejoining the realm…

Still unreachable

The connection could not be restored.

Session expired

The server has moved on; the page needs a fresh start.